cohdb
Replays
Latest Replays
All Replays
Popular Replays
Top Player Replays
Match Explorer
How It Works
Community
CoH3 Stats
Reddit
Sign in to upload your games and track your stats! →
Sign in with Steam
Match 25377225
Unlisted
Match 25377225
Overview
Messages
Build Orders
End
Construct Infanterie Kompanie
Grenadier Squad
Selects Mechanized Battlegroup
MG 42 Machine Gun Team
GrW 34 Mortar Team
Construct Luftwaffe Kompanie
Jäger Squad
Jäger Squad
Luftwaffe Officer Quarters
Selects Raid Package
Support Elements
Selects StuG Assault Group
StuG Assault Group
Wirbelwind Flakpanzer
Medical Bunker
Selects Spotting Scopes
Selects Wespe Self-propelled Artillery
Wespe Self-propelled Artillery
Selects Zeroing Artillery Barrage
Wirbelwind Flakpanzer
SexHaverIRL
Fabius Maximus
DodoSlayer27
Jonatanga
LuiSBa
Eber
0
0
Comments
sign in to comment!
No comments posted yet!